 Dungeon Crawl Stone Soup version 0.26.1-2-gb8aa6d0cf2 (webtiles) character file.

Game seed: 9045999327861964450

61 jlumianski the Caller (level 3, -2/31 HPs)
             Began as a Troll Summoner on Feb 11, 2021.
             Killed from afar by Natasha (10 damage)
             ... with a puff of flame
             ... on level 2 of the Dungeon.
             The game lasted 00:09:44 (1333 turns).

jlumianski the Caller (Troll Summoner)              Turns: 1333, Time: 00:09:45

Health: -2/31      AC:  6    Str: 16    XL:     3   Next: 83%
Magic:  2/4        EV: 10    Int: 12    God:
Gold:   110        SH:  0    Dex: 10    Spells: 2/5 levels left

rFire    . . .     SeeInvis .   i - +0 hand axe
rCold    . . .     Faith    .   (no shield)
rNeg     . . .     Spirit   .   a - +0 robe
rPois    .         Reflect  .   (helmet restricted)
rElec    .         Harm     .   (no cloak)
rCorr    .         Rampage  .   (gloves unavailable)
Will     .....                  (boots unavailable)
Stlth    +.........             (no amulet)
HPRegen  0.50/turn              (no ring)
MPRegen  0.09/turn              (no ring)

@: no status effects
A: large, unfitting armour, claws 3, regeneration 1, shaggy fur 1, tough skin 3
a: no special abilities


You were on level 2 of the Dungeon.
You visited 1 branch of the dungeon, and saw 2 of its levels.

You collected 110 gold pieces.

Inventory:

Hand Weapons
 d - a +0 hunting sling
 e - a +0 short sword
 i - a +0 hand axe (weapon)
Missiles
 h - 55 stones
 j - 37 poisoned darts (quivered)
 n - 13 arrows
Armour
 a - a +0 robe (worn)
 k - a +0 ring mail
 r - a +0 leather armour
Scrolls
 b - a scroll of remove curse {unknown}
 f - a scroll of amnesia {unknown}
 g - a scroll of teleportation {unknown}
 l - a scroll of enchant weapon {unknown}
 o - a scroll of random uselessness {unknown}
 q - a scroll of fear {unknown}
Potions
 c - a potion of heal wounds {unknown}
 m - a potion of mutation {unknown}
 p - a potion of magic {unknown}
 s - a potion of brilliance {unknown}


   Skills:
 + Level 0.1 Fighting
 + Level 0.7 Axes
 + Level 1.9 Dodging
 + Level 1.0 Stealth
 + Level 0.9 Unarmed Combat
 + Level 1.5 Spellcasting
 + Level 3.5 Summonings


You had 2 spell levels left.
You knew the following spells:

 Your Spells              Type           Power        Failure   Level
a - Summon Small Mammal   Summ           36%          7%          1
b - Call Imp              Summ           9%           11%         2

Your spell library contained the following spells:

 Spells                   Type           Power        Failure   Level
 Call Canine Familiar     Summ           9%           21%         3
 Summon Guardian Golem    Hex/Summ       5%           38%         3
 Summon Ice Beast         Ice/Summ       5%           80%         4
 Summon Lightning Spire   Summ/Air       5%           80%         4


Dungeon Overview and Level Annotations

Branches:
Dungeon (2/15)

Altars:

Annotations:
D:2 Natasha


Innate Abilities, Weirdness & Mutations

You are too large for most types of armour.
You have claws for hands.
Your natural rate of healing is unusually fast.
You are covered in fur. (AC +1)
You have extremely tough skin. (AC +3)


Message History

You throw a poisoned dart.
The poisoned dart closely misses Natasha.
Natasha casts a spell at you. The magic dart hits you.
Casting: Call Imp (safe; 11% risk of failure)
Confirm with . or Enter, or press ? or * to list all spells.
A beastly little devil appears in a puff of flame.
Throw: 38 darts (poison)
Press: ? - help, Q - select action, (/) - cycle Shift-Dir - straight line, f/p - Natasha
Aim: Natasha, carrying a wand of flame (5) (lightly wounded, very poisoned, 45% to hit)
You throw a poisoned dart.
The poisoned dart closely misses Natasha.
Natasha zaps a wand.
The puff of flame hits you! Natasha claws you.
* * * LOW HITPOINT WARNING * * *
You hit Natasha but do no damage.
Natasha is lightly wounded.
Your crimson imp blinks!
Natasha zaps a wand.
The puff of flame hits you!
You die...

#.#. #(#...#.......#
(................
.....#....... ...
#.#..#......# #.#
#.#..#..#.#.###.#
######h#..............
#....@ยง#..#....#......
#..5................##
#.....##..............
#.....##......######.#
#.....###.#........#.#
#.....# #.#...##.#.#.#
#.....###........#.#..
#.......#.....##.#.###
#.......#.##..........


You could see Natasha (poisoned) and a friendly crimson imp (summoned).

Vanquished Creatures
  Natasha (D:2)
  A worm (D:2)
  A ball python (D:1)
  5 bats
  2 giant cockroaches (D:1)
  3 hobgoblins
  A jackal (D:2)
  6 kobolds
  5 goblins
25 creatures vanquished.

Vanquished Creatures (collateral kills)
  A hobgoblin (D:2)
  3 jackals (D:2)
  A frilled lizard (D:1)
  2 goblins (D:2)
  A rat (D:1)
8 creatures vanquished.

Grand Total: 33 creatures vanquished

Notes
Turn   | Place    | Note
-------+----------+-------------------------------------------
     0 | D:1      | jlumianski the Troll Summoner began the quest for the Orb.
     0 | D:1      | Reached XP level 1. HP: 16/16 MP: 1/1
   124 | D:1      | Reached skill level 3 in Summonings
   374 | D:1      | Reached XP level 2. HP: 24/24 MP: 2/2
   377 | D:1      | Learned a level 2 spell: Call Imp
   950 | D:2      | Noticed Natasha
   954 | D:2      | Noticed a crimson imp
   996 | D:2      | Killed Natasha
   997 | D:2      | Reached XP level 3. HP: 10/31 MP: 2/4
  1325 | D:2      | Noticed Natasha
  1333 | D:2      | Killed from afar by Natasha

Illustrated notes

Levels and vault maps discovered:
D:1:      onia_arrival_pentagram, layout_basic
D:2:      minmay_spotlight, layout_basic, chequers_ecumenical_altar_island,
          minmay_joined_circles, uniq_natasha

Skill      XL: |  1 |
---------------+----+-----
Summonings     | 3 |  3.5
Fighting       | |  0.1
Axes           | |  0.7
Dodging        | |  1.9
Stealth        | |  1.0
Unarmed Combat | |  0.9
Spellcasting   | |  1.5

Action                   || total
-------------------------++-------
Melee: Unarmed           ||    27
       Hand axe          ||    58
Throw: Dart              ||    12
 Cast: Summon Small Mamm ||     4
       Call Imp          ||     8
Armor: Robe              ||    44
Dodge: Dodged            ||    56
